Map: Ulrena

Players

capac

  • Race: Terran Terran
  • League: Gold

sorksnrnrp - Winner!

  • Race: Terran Terran
  • League: Silver

VOD

Have the link to the VOD?

Description

Time

  • Played on: March 4, 2016, 4:45 p.m.
  • Length: 14:30
Show
View Real Time Build Order
Export as new Build Order

capac Terran 

Build Orders: MMM Bio 

Get SALT Encoding   

  12  0:01  SCV  
  13  0:13  SCV  
  14  0:19  Supply Depot  
  14  0:25  SCV  
  15  0:40  SCV  
  16  0:43  Barracks  
  16  0:48  Refinery  
  16  0:53  SCV  
  17  1:05  SCV  
  18  1:20  SCV  
  19  1:39  SCV  
  20  1:40  Command Center  
  20  1:42  Barracks Reactor  
  20  1:53  Supply Depot  
  20  1:58  SCV  
  21  2:12  Orbital Command  
  21  2:18  Marine x2  
  23  2:29  Factory  
  23  2:36  Barracks, Marine  
  24  2:42  SCV  
  25  2:50  Marine  
  26  2:55  Bunker  
  26  2:58  Orbital Command  
  26  3:05  Marine  
  26  3:09  SCV  
  28  3:13  Engineering Bay  
  28  3:16  Factory Tech Lab  
  28  3:21  SCV  
  28  3:26  Refinery  
  29  3:27  Barracks Tech Lab  
  29  3:36  SCV x2  
  31  3:43  Starport  
  31  3:49  Marine x2, SCV  
  31  3:50  Marine  
  34  4:04  Supply Depot  
  34  4:05  SCV x2  
  34  4:08  Siege Tank  
  39  4:12  Marine  
  39  4:15  Marine  
  39  4:16  Marine  
  42  4:21  SCV  
  42  4:22  SCV  
  44  4:25  Missile Turret  
  37  4:49  Supply Depot  
  37  4:50  Marine x2, SCV x2  
  41  4:52  Starport Reactor  
  41  4:53  Siege Tank  
  41  4:58  Marine  
  45  5:01  Stimpack  
  45  5:02  SCV x2  
  47  5:08  Marine  
  48  5:18  Marine x2  
  48  5:20  Missile Turret  
  50  5:21  SCV  
  50  5:22  SCV  
  52  5:30  Marine  
  52  5:32  Supply Depot  
  52  5:33  Viking x2  
  57  5:36  Marine  
  57  5:37  Marine  
  57  5:41  SCV x2  
  61  5:43  Missile Turret  
  61  5:46  Refinery  
  61  5:53  SCV  
  61  5:54  Missile Turret  
  59  6:28  Missile Turret  
  59  6:34  Marine x2  
  59  6:35  Marine  
  59  6:36  Siege Tank  
  59  6:38  Missile Turret  
  59  6:39  Viking  
  67  6:46  Supply Depot  
  67  6:52  SCV x2  
  69  7:04  SCV  
  69  7:08  Supply Depot, SCV  
  71  7:12  Viking  
  73  7:29  Combat Shields  
  73  7:34  SCV x2  
  73  7:35  Marine x3  
  73  7:36  Starport  
  78  7:40  Refinery  
  78  7:48  Siege Tank  
  78  7:49  Supply Depot  
  81  7:52  Marine  
  81  7:53  Marine x2  
  81  7:55  Viking  
  86  8:10  Viking, SCV x2  
  90  8:15  Starport Reactor  
  90  8:16  Command Center  
  90  8:32  Marine  
  90  8:33  Marine x2  
  93  9:03  Supply Depot  
  93  9:05  Medivac x4  
  93  9:07  Marine x3  
  104  9:14  Siege Tank  
  107  9:20  SCV x2  
  109  9:27  Barracks x2, Marine x2  
  109  9:28  Marine  
  111  10:30  Marine x3  
  106  10:48  Marine  
Show
View Real Time Build Order
Export as new Build Order

sorksnrnrp Terran - Winner!

Build Orders: Mech, Banshee Rush 

Get SALT Encoding   

  12  0:01  SCV  
  13  0:13  SCV  
  14  0:20  Supply Depot  
  14  0:25  SCV  
  15  0:42  SCV  
  16  0:44  Barracks  
  16  0:51  Refinery  
  16  0:54  SCV  
  17  1:06  Refinery, SCV  
  18  1:13  Supply Depot  
  18  1:18  SCV  
  19  1:32  Orbital Command  
  19  1:46  Marine  
  20  1:50  Factory  
  19  2:05  SCV  
  20  2:13  Barracks Reactor  
  20  2:17  SCV  
  21  2:29  SCV  
  22  2:31  Supply Depot  
  22  2:35  Starport  
  22  2:36  Factory Tech Lab  
  22  2:41  SCV  
  23  2:49  Marine  
  23  2:50  Marine  
  25  2:53  SCV  
  26  3:16  Barracks Tech Lab  
  26  3:19  Cloaking Field  
  26  3:20  Banshee  
  26  3:24  Hellion x2  
  33  3:28  SCV  
  34  3:47  Command Center  
  34  4:03  Banshee  
  37  4:10  Hellion  
  35  4:44  SCV  
  33  4:53  Factory  
  33  4:54  Factory, Hellion x2  
  33  4:56  SCV  
  38  5:07  Bunker  
  38  5:14  Raven  
  38  5:16  Factory  
  38  5:19  Orbital Command  
  40  5:24  Hellion x2  
  44  5:41  SCV  
  44  5:42  Factory Tech Lab, Factory Reactor  
  45  5:47  SCV  
  46  5:53  SCV  
  47  6:07  SCV  
  47  6:08  Siege Tank  
  47  6:09  Siege Tank  
  54  6:26  Supply Depot  
  54  6:27  Supply Depot  
  54  6:29  Refinery  
  54  6:35  Supply Depot, Hellion, SCV x2  
  54  6:37  Hellion  
  60  6:46  Armory  
  60  6:47  SCV x2  
  60  6:48  Hellion  
  64  6:59  SCV x2  
  69  7:08  Siege Tank  
  69  7:11  SCV x2  
  69  7:12  Siege Tank  
  74  7:16  Hellion  
  74  7:17  Hellion  
  78  7:23  SCV  
  78  7:27  Viking  
  81  7:31  Hellion x2  
  81  7:35  SCV  
  81  7:37  Supply Depot  
  86  7:39  Supply Depot  
  86  7:43  Supply Depot  
  86  7:46  Supply Depot  
  86  7:47  Infernal Pre-Igniter  
  86  7:50  Terran Vehicle Weapons Level 1  
  86  8:01  Thor  
  92  8:09  Hellbat x2  
  96  8:15  SCV  
  96  8:19  Hellbat x2  
  101  8:25  Refinery  
  101  8:26  Thor  
  107  8:27  SCV  
  107  8:33  Supply Depot  
  108  8:34  SCV  
  108  8:41  Hellbat x2  
  113  8:43  Hellbat  
  113  8:45  Siege Tank  
  118  8:55  SCV, Hellbat  
  121  8:59  Supply Depot  
  121  9:06  Supply Depot  
  121  9:07  SCV  
  121  9:08  Supply Depot, Hellbat  
  124  9:21  Siege Tank  
  127  9:28  Hellbat x2  
  127  9:29  Siege Tank  
  134  9:53  Siege Tank  
  137  10:25  Siege Tank  
  95  11:26  Command Center  
  94  11:51  Command Center  
  93  12:41  Supply Depot  
  93  12:43  Supply Depot  
  93  12:47  Supply Depot x2  
  93  13:14  Barracks  
  93  13:21  Supply Depot  
  93  13:22  Supply Depot  
  93  13:25  Supply Depot  
  93  13:27  Supply Depot  
  91  14:01  Orbital Command  
  91  14:02  Orbital Command  
  91  14:06  Factory  
  91  14:18  Supply Depot  
Tags
 
Composition
MMM BioMech
Matchup
TvT
Race
Terran
Strategy
Banshee Rush
Add a new tag
Caveats
  • Supply blocks, unpowered buildings, or Contaminate may cause inaccurate times.
  • Supply counts are checked every 10 seconds.